 Dungeon Crawl Stone Soup version 0.30-a0-728-gc68057be0a (webtiles) character file.

Game seed: 15505285578428396202

79 testman the Conjurer (level 4, 0/33 HPs)
             Began as a Draconian Conjurer on Jan 31, 2023.
             Was an Initiate of Hepliaklqana.
             Frozen to death by an endoplasm (5 damage)
             ... on level 3 of the Dungeon.
             The game lasted 00:06:38 (2638 turns).

testman the Conjurer (Draconian Conjurer)           Turns: 2638, Time: 00:06:39

Health: 0/33       AC:  5    Str:  9    XL:     4   Next: 16%
Magic:  0/8        EV: 12    Int: 20    God:    Hepliaklqana [......]
Gold:   217        SH:  0    Dex: 10    Spells: 3/9 levels left

rFire   . . .      SeeInvis .    e - +0 short sword
rCold   . . .      Faith    .    (no shield)
rNeg    + . .      Spirit   .    (body armour unavailable)
rPois   .          Reflect  .    (helmet restricted)
rElec   .          Harm     .    (no cloak)
rCorr   .          Rampage  .    (no gloves)
Will    .....                    (no boots)
Stlth   ++                       (no amulet)
HPRegen 0.25/turn                c - ring of positive energy
MPRegen 0.11/turn                (no ring)

@: hasted, very quick
A: AC +5, unfitting armour, cold-blooded
a: Renounce Religion


You were on level 3 of the Dungeon.
You worshipped Hepliaklqana.
Hepliaklqana was noncommittal.
You visited 1 branch of the dungeon, and saw 3 of its levels.

You collected 217 gold pieces.

Inventory:

Hand Weapons
 b - a +0 hand axe
 e - a +0 short sword (weapon)
Jewellery
 c - a ring of positive energy (left hand)
Scrolls
 f - 2 scrolls of enchant weapon {unknown}
 g - a scroll of teleportation {unknown}
 h - 2 scrolls of noise {unknown}
 i - 2 scrolls of identify {unknown}
 k - 2 scrolls of magic mapping {unknown}
Potions
 a - a potion of magic
 j - a potion of attraction {unknown}


   Skills:
 - Level 1.7 Dodging
 - Level 1.7 Stealth
 + Level 3.0 Spellcasting
 + Level 4.7 Conjurations
 + Level 1.4 Hexes


You had 3 spell levels left.
You knew the following spells:

 Your Spells              Type           Power      Damage    Failure   Level
a - Magic Dart            Conj           84%        1d7       1%          1
b - Searing Ray           Conj           42%        2d6       3%          2
c - Dazzling Flash        Conj/Hex       30%        N/A       12%         3

Your spell library contained the following spells:

 Spells                   Type           Power      Damage    Failure   Level
 Shock                    Conj/Air       48%        1d6       5%          1
 Blink                    Tloc           6%         N/A       22%         2
 Lesser Beckoning         Tloc           6%         N/A       22%         2
 Mephitic Cloud           Conj/Pois/Air  9%         N/A       22%         3
 Fulminant Prism          Conj/Hex       7%         3d7       36%         4
 Iskenderun's Mystic Bla  Conj/Tloc      12%        2d5       47%         4


Dungeon Overview and Level Annotations

Branches:
Dungeon (3/15)

Altars:
Hepliaklqana

Shops:
D:2 :

Annotations:
D:3 Ijyb


Innate Abilities, Weirdness & Mutations

Your plain brown scales are hard. (AC +5)
You cannot fit into any form of body armour.
You are cold-blooded and may be slowed by cold attacks.


Message History

Casting: Searing Ray (safe; 3% risk of failure)
Confirm with . or Enter, or press ? or * to list all spells.
Aiming: Searing Ray (safe; 3% risk of failure)
Press: ? - help, Shift-Dir - straight line, f/p - Ijyb
Aim: Ijyb, wielding a +0 club and wearing a +1 ring mail of willpower (heavily wounded, 75% to hit)
The searing ray hits Ijyb.
Ijyb is severely wounded.
The searing ray hits the quokka!
You kill the quokka!
The searing ray hits the orc but does no damage. (Press . to maintain the ray.) Ijyb hits you with a +0 club.
The searing ray hits Ijyb.
Ijyb is severely wounded.
The searing ray hits the orc but does no damage.
Ijyb hits you with a +0 club.
An endoplasm comes into view.
The searing ray hits Ijyb.
Ijyb is almost dead.
The searing ray hits the orc but does no damage.
Ijyb hits you but does no damage.
The endoplasm quivers.
You hit Ijyb but do no damage.
Your tail-slap misses Ijyb.
Ijyb is almost dead.
Ijyb hits you with a +0 club.
* * * LOW HITPOINT WARNING * * *
You closely miss Ijyb.
Ijyb is almost dead.
Ijyb hits you with a +0 club.
* * * LOW HITPOINT WARNING * * *
You hit Ijyb.
Ijyb is almost dead.
Ijyb hits you with a +0 club.
* * * LOW HITPOINT WARNING * * *
It was a potion of haste.
You feel yourself speed up. Ijyb hits you with a +0 club.
* * * LOW HITPOINT WARNING * * *
The endoplasm freezes you.
You are frozen.
You die...

##... ###..#.
######...#.. #......##..#
.... #.#######.## .....
##.####...... .....
###........####
.....######......#.......
.<....og@J...##........#.
......######.##..#.......
...).........#...#.##...)
.......<.........#....###
..............#....######
...................# #...
...............#...##..##
........................#
........................#


You could see Ijyb, an orc and an endoplasm.

Vanquished Creatures
  4 adders (D:2)
  2 orcs (D:3)
  3 bats (D:1)
  4 endoplasms
  2 giant cockroaches
  5 goblins
  3 hobgoblins
  2 quokkas
  4 ball pythons
  2 frilled lizards
  3 kobolds
  3 rats
37 creatures vanquished.

Notes
Turn   | Place    | Note
-------+----------+-------------------------------------------
     0 | D:1      | testman the Draconian Conjurer began the quest for the Orb.
     0 | D:1      | Reached XP level 1. HP: 14/14 MP: 3/3
   430 | D:1      | Reached XP level 2. HP: 20/20 MP: 5/5
   438 | D:1      | Learned a level 2 spell: Searing Ray
   977 | D:2      | Reached XP level 3. HP: 9/26 MP: 2/6
  1184 | D:2      | Found Achy's Vocational Training.
  1217 | D:2      | Reached skill level 1 in Hexes
  1976 | D:2      | Got Sif Muna's Exposition on Planar Injury
  2155 | D:2      | Learned a level 3 spell: Dazzling Flash
  2297 | D:3      | Reached XP level 4. HP: 33/33 MP: 3/8
  2451 | D:3      | Found a hazy altar of Hepliaklqana.
  2463 | D:3      | Became a worshipper of Hepliaklqana the Forgotten
  2598 | D:3      | Noticed Ijyb
  2607 | D:3      | Paralysed by Ijyb for 5 turns
  2619 | D:3      | Paralysed by Ijyb for 5 turns
  2638 | D:3      | Frozen to death by an endoplasm

Illustrated notes

Levels and vault maps discovered:
D:1:      ncdulo_smallfort, layout_basic
D:2:      layout_basic, minmay_crystal_water, nicolae_shop_vocational
D:3:      layout_rooms, nicolae_ashenzari_skybound,
          nicolae_overflow_crystal_walls, serial_shops, shop, uniq_ijyb

Skill      XL: |  1  2  3  4 |
---------------+-------------+-----
Hexes          | 1 |  1.4
Spellcasting   | 3 |  3.0
Dodging        | |  1.7
Stealth        | |  1.7
Conjurations   | |  4.7

Action                     |  1- 3 |  4- 6 || total
---------------------------+-------+-------++-------
  Melee: Hand axe          |    18 |       ||    18
         Short sword       |    50 |    26 ||    76
         Tailslap          |     6 |     4 ||    10
   Cast: Magic Dart        |    28 |    11 ||    39
         Searing Ray       |     9 |     3 ||    12
    Use: Potion            |       |     1 ||     1
   Stab: Sleeping          |     1 |     1 ||     2
 Armour: Skin              |    29 |     6 ||    35
  Dodge: Dodged            |    64 |    12 ||    76

Table legend: (Time is in decaauts)
 A = Elapsed time spent in this place.
 B = Non-inter-level travel time spent in this place.
 C = Inter-level travel time spent in this place.
 D = Time resting spent in this place.
 E = Time spent auto-exploring this place.
 F = Levels seen in this place.
 G = Mean time per level.
                   A        B        C        D        E       F      G
               +--------+--------+--------+--------+--------+-----+--------+
         Total |   2643 |   2573 |     70 |     38 |   2227 |   3 |  881.0 |
       Dungeon |   2643 |   2573 |     70 |     38 |   2227 |   3 |  881.0 |
               +--------+--------+--------+--------+--------+-----+--------+

Top non-repeatable levels by time:
     D:2: 1227 daAuts
     D:1: 953 daAuts
     D:3: 461 daAuts
